 Dungeon Crawl Stone Soup version 0.28-a0-511-gcc94558de3 (webtiles) character file.

Game seed: 8524065332706847253

51 wakim the Slasher (level 3, -4/29 HPs)
             Began as a Palentonga Gladiator on Sept 21, 2021.
             Slain by an iguana (8 damage)
             ... on level 4 of the Dungeon.
             The game lasted 00:02:43 (1492 turns).

wakim the Slasher (Palentonga Gladiator)            Turns: 1492, Time: 00:02:43

Health: -4/29      AC:  5    Str: 17    XL:     3   Next: 58%
Magic:  3/3        EV:  7    Int:  8    God:
Gold:   59         SH:  7    Dex: 12    Spells: 2/2 levels left

rFire   . . .      SeeInvis +   a - +0 long sword
rCold   . . .      Faith    .   e - +0 kite shield
rNeg    . . .      Spirit   .   b - +0 leather armour
rPois   .          Reflect  .   c - +0 helmet
rElec   .          Harm     .   (no cloak)
rCorr   .          Rampage  .   (no gloves)
Will    .....                   (no barding)
Stlth   +.........              (no amulet)
HPRegen 0.09/turn               (no ring)
MPRegen 0.08/turn               (no ring)

@: no status effects
A: large, rugged brown scales 3, see invisible, deformed body, roll 1, armoured
tail
a: Rolling Charge


You were on level 4 of the Dungeon.
You visited 1 branch of the dungeon, and saw 3 of its levels.

You collected 59 gold pieces.

Inventory:

Hand Weapons
 a - a +0 long sword (weapon)
Missiles
 d - 3 throwing nets {=f!f}
Armour
 b - a +0 leather armour (worn)
 c - a +0 helmet (worn)
 e - a +0 kite shield (worn)
Scrolls
 h - 2 scrolls of magic mapping {unknown}
 j - a scroll of fear {unknown}
 k - a scroll of amnesia {unknown}
Potions
 f - a potion of curing {unknown}
 g - a potion of might {unknown}
 i - a potion of mutation {unknown}


   Skills:
 + Level 2.5 Fighting
 * Level 3.7 Long Blades
 - Level 1.3 Throwing
 - Level 2.5 Dodging
 * Level 1.3 Shields


You had 2 spell levels left.
You didn't know any spells.
Your spell library was empty.

Dungeon Overview and Level Annotations

Branches:
Dungeon (2/15)

Altars:
Zin


Innate Abilities, Weirdness & Mutations

You are completely covered in rugged brown scales. (AC +3, +7% HP)
You have supernaturally acute eyesight. (SInv)
Armour fits poorly on your strangely shaped body.
You can roll at nearby foes to attack.
You have a long armoured tail.


Message History

You kill the adder!
The ball python barely misses you.
You slash the ball python!
You kill the ball python!
You slash the iguana!
The iguana is heavily wounded.
The iguana bites you.
You hit the iguana.
The iguana is heavily wounded.
The iguana bites you! You block the iguana's attack.
You barely miss the iguana.
The iguana is heavily wounded.
The iguana barely misses you.
Unknown command.
You barely miss the iguana.
The iguana is heavily wounded.
The iguana barely misses you. The iguana bites you.
You hit the iguana but do no damage.
The iguana is heavily wounded.
The iguana bites you!
* * * LOW HITPOINT WARNING * * *
You hit the iguana but do no damage.
The iguana is heavily wounded.
The iguana bites you.
* * * LOW HITPOINT WARNING * * *
The iguana bites you but does no damage.
You barely miss the iguana.
The iguana is heavily wounded.
The iguana closely misses you.
You closely miss the iguana.
You tail-slap the iguana, but do no damage.
The iguana is heavily wounded.
The iguana bites you.
* * * LOW HITPOINT WARNING * * *
The iguana hisses menacingly.
You block the iguana's attack.
You barely miss the iguana.
The iguana is heavily wounded.
The iguana bites you!
You die...

#....# ......
##....#
...... .....#
......
#....##
......#
#.....##
.......
#......#
.....g.##
###..####.#
..?...l.#
#####...##
#.##
##BSl@.###
#..###.g#####
##.....##
##..### #..#
....# ..##...
## #....
#.....


You could see an iguana, a giant cockroach, a goblin and a ball python.

Vanquished Creatures
  2 adders (D:4)
  A dart slug (D:1)
  5 ball pythons
  2 endoplasms (D:1)
  2 goblins (D:1)
  5 hobgoblins (D:1)
  A jackal (D:1)
  3 quokkas (D:1)
  2 bats (D:1)
  A frilled lizard (D:2)
  3 kobolds
  2 rats (D:1)
29 creatures vanquished.

Notes
Turn   | Place    | Note
-------+----------+-------------------------------------------
     0 | D:1      | wakim the Palentonga Gladiator began the quest for the Orb.
     0 | D:1      | Reached XP level 1. HP: 17/17 MP: 1/1
    59 | D:1      | Reached XP level 2. HP: 12/23 MP: 2/2
   920 | D:1      | Reached skill level 1 in Shields
   945 | D:1      | Reached XP level 3. HP: 26/29 MP: 3/3
  1354 | D:2      | Found a glowing silver altar of Zin.
  1448 | D:2      | You fall into a shaft and drop 2 floors!
  1492 | D:4      | Slain by an iguana

Illustrated notes

Levels and vault maps discovered:
D:1:      ebering_trefoil_twist, layout_basic, serial_bayou_pond_d, st_stairs_6,
          chequers_serial_rivers_micro_e
D:2:      layout_rooms, ebering_ecumenical_altar_ruins, basic_altar,
          chequers_decorated_corner, uniq_terence, uniq_sigmund
D:4:      layout_rooms, serial_shops, shop, minmay_cut_off, uniq_ijyb,
          uniq_robin

Skill      XL: |  1  2 |
---------------+-------+-----
Shields        | 1 |  1.3
Fighting       | |  2.5
Long Blades    | |  3.7
Throwing       | |  1.3
Dodging        | |  2.5

Action                   || total
-------------------------++-------
Melee: Long sword        ||    81
       Tailslap          ||     6
 Abil: Rolling Charge    ||    20
Armor: Leather armour    ||    35
Dodge: Dodged            ||    30
Block: Kite shield       ||    23

Table legend: (Time is in decaauts)
 A = Elapsed time spent in this place.
 B = Non-inter-level travel time spent in this place.
 C = Inter-level travel time spent in this place.
 D = Time resting spent in this place.
 E = Time spent auto-exploring this place.
 F = Levels seen in this place.
 G = Mean time per level.
                   A        B        C        D        E       F      G
               +--------+--------+--------+--------+--------+-----+--------+
         Total |   1536 |   1480 |     56 |    264 |    966 |   3 |  512.0 |
       Dungeon |   1536 |   1480 |     56 |    264 |    966 |   3 |  512.0 |
               +--------+--------+--------+--------+--------+-----+--------+

Top non-repeatable levels by time:
     D:1: 1327 daAuts
     D:2: 158 daAuts
     D:4: 50 daAuts
